Moose vs Phantoms

Created - Thursday, January 21, 2016 at 01:09

Goals
1 2 3 OT1 SO T
Moose 0 1 0 0 2 2
Phantoms 0 1 0 0 0 1
Shots
1 2 3 OT1 SO T
Moose 8 5 7 5 3 25
Phantoms 2 15 7 0 2 24

1st period

No Goal

Penalties :
Chris Neil (LEH) for Tripping (Minor) at 2:36, Chris Neil (LEH) for Fighting (Major) at 5:15, Brady Austin (MAN) for Fighting (Major) at 5:15, Chris Neil (LEH) for instigated a fight (Minor) at 5:15, Chris Neil (LEH) for instigated a fight (10 Minutes Misconduct) at 5:15, Deryk Engelland (LEH) for Fighting (Major) at 10:48, Rasmus Rissanen (MAN) for Fighting (Major) at 10:48

2nd period

1. Moose , Cedric Paquette 9 (Josh Jooris, Rasmus Rissanen) at 4:59
2. Phantoms , Deryk Engelland 6 (Brian Strait, Bryan Allen) at 19:51 (PP)

Penalties :
Chris Neil (LEH) for Hooking (Minor) at 3:19, Ryan Malone (MAN) for Hooking (Minor) at 4:41, Chris Neil (LEH) for Fighting (Major) at 16:26, Ryan Malone (MAN) for Fighting (Major) at 16:26, Scott Mayfield (MAN) for Hooking (Minor) at 18:28

3rd period

No Goal

Penalties :
Chris Neil (LEH) for Fighting (Major / Game Misconduct) at 3:47, Rasmus Rissanen (MAN) for Fighting (Major) at 3:47, Scott Mayfield (MAN) for Holding (Minor) at 14:57, Scott Mayfield (MAN) for Hooking (Minor) at 17:28

Overtime #1

No Goal

Penalties :
No Penalty

Shootout

Penalty Shot by Cedric Paquette for Moose - Shot Misses the Net
Penalty Shot by Deryk Engelland for Phantoms - Shot Misses the Net
Penalty Shot by Josh Jooris for Moose - Goal!
Penalty Shot by Garrett Wilson for Phantoms - Shot Misses the Net
Penalty Shot by Ryan Malone for Moose - Goal!

Penalties :
No Penalty

Goalie Stats

Sam Brittain (MAN), 23 saves from 24 shots - (0.958), W, 16-6-8, 65:00 minutes
Marek Mazanec (LEH), 24 saves from 25 shots - (0.960), OTL, 23-9-10, 65:00 minutes

Players Stats for Moose

Player Name              G  A  P  +/- PIM S  H  SB GA TA FO     MP     PP MP  PK MP  
------------------------------------------------------------------------------------
Ben Chiarot              0  0  0   0  0   1  0  1  4  1  0/0    28:01   3:41   3:00 
Brady Austin             0  0  0   0  5   0  0  0  0  1  0/0    15:06   0:00   0:00 
Brandon Davidson         0  0  0   0  0   2  0  0  0  2  0/0    23:51   3:41   3:25 
Cedric Paquette          1  0  1   1  0   3  4  1  4  2  11/22  23:50   2:46   3:59 
Colin Smith              0  0  0   0  0   4  1  0  2  0  4/7    17:21   0:00   1:48 
Daniil Tarasov           0  0  0   0  0   0  3  2  0  0  0/0    18:00   2:34   0:00 
David Wohlberg           0  0  0   0  0   1  0  1  0  0  0/0     6:19   0:00   0:00 
Garret Ross              0  0  0   0  0   1  5  2  1  0  0/1    18:00   2:34   0:00 
Greg McKegg              0  0  0   0  0   0  1  2  0  1  3/5    19:32   2:34   0:52 
Joel Armia               0  0  0   0  0   1  0  0  3  1  1/3    16:25   0:00   0:00 
Joel Edmundson           0  0  0   1  0   2  2  1  0  0  0/0    23:58   1:39   3:18 
Jordon Southorn          0  0  0   0  0   0  0  2  0  0  0/0     6:48   0:00   0:25 
Josh Jooris              0  1  1   1  0   5  2  3  5  1  0/0    24:36   2:46   3:57 
Michael Schumacher       0  0  0   0  0   3  3  0  0  0  0/0    16:36   0:00   1:04 
Rasmus Rissanen          0  1  1   1  10  0  1  3  1  1  0/0    19:16   1:39   3:18 
Rob Flick                0  0  0   0  0   0  1  0  0  0  3/4     6:41   0:00   0:38 
Ryan Malone              0  0  0   0  7   2  1  0  3  0  0/1    14:46   2:45   1:08 
Scott Mayfield           0  0  0   0  6   0  1  2  0  0  0/0    13:26   0:00   0:00 

Players Stats for Phantoms

Player Name              G  A  P  +/- PIM S  H  SB GA TA FO     MP     PP MP  PK MP  
------------------------------------------------------------------------------------
Ben Street               0  0  0  -1  0   0  1  0  1  0  5/9    22:48   2:40   3:48 
Brian Strait             0  1  1  -1  0   3  4  0  3  3  0/0    26:45   3:22   3:21 
Bryan Allen              0  1  1  -1  0   1  1  0  1  1  0/1    27:50   3:27   3:21 
Bryan Lerg               0  0  0   0  0   5  1  0  2  1  0/1    21:58   3:25   2:00 
Byron Froese             0  0  0   0  0   0  0  0  0  0  0/1     5:12   0:56   0:00 
Chris Langkow            0  0  0   0  0   1  0  0  1  0  5/8    17:18   0:00   3:20 
Chris Neil               0  0  0   0  41  3  0  1  1  0  0/0     8:11   0:57   0:00 
Deryk Engelland          1  0  1   0  5   5  1  2  3  3  2/4    24:51   3:26   1:59 
Garrett Wilson           0  0  0   0  0   1  1  0  2  1  0/0    17:02   2:28   1:12 
Greg Zanon               0  0  0   0  0   1  1  0  1  2  0/0    24:38   3:21   1:59 
Jared Nightingale        0  0  0   0  0   0  0  0  0  0  0/0     1:09   0:00   0:00 
Keegan Lowe              0  0  0   0  0   0  0  1  0  1  0/0    15:00   0:00   0:00 
Martin Gernat            0  0  0   0  0   1  1  3  0  0  0/0    16:19   0:20   0:00 
Nathan Longpre           0  0  0   0  0   0  0  1  3  0  1/4    12:53   0:00   0:00 
Stephen Johns            0  0  0   0  0   1  2  2  0  1  0/0    20:04   3:21   0:00 
Steve MacIntyre          0  0  0   0  0   2  1  1  0  0  0/0    13:32   0:36   0:00 
Stu Bickel               0  0  0   0  0   0  1  0  1  0  3/8    17:59   1:47   0:00 
Tom Sestito              0  0  0  -1  0   0  0  1  1  0  5/7    20:28   3:29   0:20 

3 Stars

1 - Cedric Paquette (MAN)
2 - Marek Mazanec (LEH)
3 - Sam Brittain (MAN)

Power Play

Moose - 0 on 3 Attempt(s) - 0.00%
Phantoms - 1 on 4 Attempt(s) - 25.00%

Penalty Kill

Moose - 3 on 4 Attempt(s) - 75.00% - Score 0 goal in Penalty Kill
Phantoms - 3 on 3 Attempt(s) - 100.00% - Score 0 goal in Penalty Kill

Team Stat

Moose - Hits : 25 - Faceoff Wins : 22 - Blocked Shots : 20 - Penalty Minutes : 28
Phantoms - Hits : 15 - Faceoff Wins : 21 - Blocked Shots : 12 - Penalty Minutes : 46

Official

Referees : Unknown
Linesman : Unknown

Game Notes

Chris Neil beats up Brady Austin at 5:15 of 1st period
Deryk Engelland beats up Rasmus Rissanen at 10:48 of 1st period
Chris Neil and Ryan Malone fight to a draw at 16:26 of 2nd period
Chris Neil beats up Rasmus Rissanen at 3:47 of 3rd period
Chris Neil ejected from game at 3:47 of 3rd period

Finance

Level 1 -- Attendance: 1436 (71.80%) -- Ticket Income $17,232
Level 2 -- Attendance: 755 (75.50%) -- Ticket Income $3,775
Total Attendance: 2191 (73.03%)
Total Ticket Income: $21,007
Other Income: $10,293
Total Income: $31,300

Moose

5 vs 5 Forward 
   Center                   Left Wing                Right Wing               Time % Phy DF OF 
 1 Cedric Paquette          Ryan Malone              Josh Jooris              35     1   2  2  
 2 Greg McKegg              Garret Ross              Daniil Tarasov           30     1   2  2  
 3 Colin Smith              Michael Schumacher       Joel Armia               22     1   2  2  
 4 Rob Flick                Cedric Paquette          Josh Jooris              13     1   2  2  

5 vs 5 Defense 
   Defense                  Defense                                           Time % Phy DF OF 
 1 Ben Chiarot              Brandon Davidson                                  35     1   2  2  
 2 Rasmus Rissanen          Joel Edmundson                                    30     1   2  2  
 3 Brady Austin             Scott Mayfield                                    22     1   2  2  
 4 Jordon Southorn          Ben Chiarot                                       13     1   2  2  

PowerPlay Forward 
   Center                   Left Wing                Right Wing               Time % Phy DF OF 
 1 Cedric Paquette          Ryan Malone              Josh Jooris              60     1   2  2  
 2 Greg McKegg              Garret Ross              Daniil Tarasov           40     1   2  2  

PowerPlay Defense
   Defense                  Defense                                           Time % Phy DF OF 
 1 Ben Chiarot              Brandon Davidson                                  60     1   2  2  
 2 Rasmus Rissanen          Joel Edmundson                                    40     1   2  2  

Penalty Kill 4 Players Forward 
   Center                   Wing                     Time % Phy DF OF 
 1 Cedric Paquette          Josh Jooris              60     1   2  2  
 2 Ryan Malone              Greg McKegg              40     1   2  2  

Penalty Kill 4 Players Defense
   Defense                  Defense                  Time % Phy DF OF 
 1 Ben Chiarot              Brandon Davidson         60     1   2  2  
 2 Rasmus Rissanen          Joel Edmundson           40     1   2  2  

Penalty Kill - 3 Players Forward 
   Forward                                           Time % Phy DF OF 
 1 Cedric Paquette                                   60     1   2  2  
 2 Josh Jooris                                       40     1   2  2  

Penalty Kill - 3 Players Defense
   Defense                  Defense                  Time % Phy DF OF 
 1 Ben Chiarot              Brandon Davidson         60     1   2  2  
 2 Rasmus Rissanen          Joel Edmundson           40     1   2  2  

4 vs 4 Forward 
   Center                   Wing                     Time % Phy DF OF 
 1 Cedric Paquette          Josh Jooris              60     1   2  2  
 2 Ryan Malone              Greg McKegg              40     1   2  2  

4 vs 4 Defense
   Defense                  Defense                  Time % Phy DF OF 
 1 Ben Chiarot              Brandon Davidson         60     1   2  2  
 2 Rasmus Rissanen          Joel Edmundson           40     1   2  2  

Last Minutes Offensive
   Center                   Left Wing                Right Wing               Defense                  Defense                  
   Cedric Paquette          Ryan Malone              Josh Jooris              Ben Chiarot              Brandon Davidson         

Last Minutes Defensive
   Center                   Left Wing                Right Wing               Defense                  Defense                  
   Cedric Paquette          Ryan Malone              Josh Jooris              Ben Chiarot              Brandon Davidson         

Goaltenders
Starting : Sam Brittain             
Backup : Antoine Bibeau           

Extra Forwards
Normal : David Wohlberg, Joel Armia, Colin Smith - PP : David Wohlberg, Joel Armia - PK : Colin Smith
Extra Defensemen
Normal : Brady Austin, Scott Mayfield, Jordon Southorn - PP : Brady Austin - PK : Scott Mayfield, Jordon Southorn
Penalty Shots
Cedric Paquette, Josh Jooris, Ryan Malone, Greg McKegg, Garret Ross

Phantoms

5 vs 5 Forward 
   Center                   Left Wing                Right Wing               Time % Phy DF OF 
 1 Ben Street               Garrett Wilson           Deryk Engelland          35     1   2  2  
 2 Stu Bickel               Bryan Lerg               Chris Neil               30     1   2  2  
 3 Chris Langkow            Tom Sestito              Deryk Engelland          22     1   2  2  
 4 Nathan Longpre           Steve MacIntyre          Deryk Engelland          13     1   2  2  

5 vs 5 Defense 
   Defense                  Defense                                           Time % Phy DF OF 
 1 Bryan Allen              Brian Strait                                      35     1   2  2  
 2 Greg Zanon               Stephen Johns                                     30     1   2  2  
 3 Martin Gernat            Keegan Lowe                                       22     1   2  2  
 4 Bryan Allen              Brian Strait                                      13     1   2  2  

PowerPlay Forward 
   Center                   Left Wing                Right Wing               Time % Phy DF OF 
 1 Ben Street               Garrett Wilson           Deryk Engelland          60     1   2  2  
 2 Tom Sestito              Bryan Lerg               Chris Neil               40     1   2  2  

PowerPlay Defense
   Defense                  Defense                                           Time % Phy DF OF 
 1 Bryan Allen              Brian Strait                                      60     1   2  2  
 2 Greg Zanon               Stephen Johns                                     40     1   2  2  

Penalty Kill 4 Players Forward 
   Center                   Wing                     Time % Phy DF OF 
 1 Chris Neil               Ben Street               60     1   2  2  
 2 Garrett Wilson           Chris Langkow            40     1   2  2  

Penalty Kill 4 Players Defense
   Defense                  Defense                  Time % Phy DF OF 
 1 Bryan Allen              Brian Strait             60     1   2  2  
 2 Deryk Engelland          Greg Zanon               40     1   2  2  

Penalty Kill - 3 Players Forward 
   Forward                                           Time % Phy DF OF 
 1 Chris Neil                                        60     1   2  2  
 2 Ben Street                                        40     1   2  2  

Penalty Kill - 3 Players Defense
   Defense                  Defense                  Time % Phy DF OF 
 1 Bryan Allen              Brian Strait             60     1   2  2  
 2 Deryk Engelland          Greg Zanon               40     1   2  2  

4 vs 4 Forward 
   Center                   Wing                     Time % Phy DF OF 
 1 Chris Neil               Ben Street               60     1   2  2  
 2 Garrett Wilson           Bryan Lerg               40     1   2  2  

4 vs 4 Defense
   Defense                  Defense                  Time % Phy DF OF 
 1 Bryan Allen              Brian Strait             60     1   2  2  
 2 Deryk Engelland          Greg Zanon               40     1   2  2  

Last Minutes Offensive
   Center                   Left Wing                Right Wing               Defense                  Defense                  
   Ben Street               Garrett Wilson           Deryk Engelland          Bryan Allen              Brian Strait             

Last Minutes Defensive
   Center                   Left Wing                Right Wing               Defense                  Defense                  
   Ben Street               Garrett Wilson           Deryk Engelland          Bryan Allen              Brian Strait             

Goaltenders
Starting : Marek Mazanec            
Backup : Laurent Brossoit         

Extra Forwards
Normal : Deryk Engelland, Tom Sestito, Chris Langkow - PP : Deryk Engelland, Tom Sestito - PK : Chris Langkow
Extra Defensemen
Normal : Martin Gernat, Keegan Lowe, Stephen Johns - PP : Martin Gernat - PK : Keegan Lowe, Stephen Johns
Penalty Shots
Deryk Engelland, Chris Neil, Ben Street, Garrett Wilson, Tom Sestito

% Time on Ice - Moose

Lines # - Real PCT - Wanted PCT - Time Play
Normal Forward
1 - 24% - 35% - 11:32
2 - 33% - 30% - 15:26
3 - 30% - 22% - 14:19
4 - 13% - 13% - 6:03
Normal Defense
1 - 29% - 35% - 13:38
2 - 35% - 30% - 16:31
3 - 26% - 22% - 12:11
4 - 11% - 13% - 5:00
PP Forward
1 - 52% - 60% - 2:46
2 - 48% - 40% - 2:34
PP Defense
1 - 69% - 60% - 3:41
2 - 31% - 40% - 1:39
PK Forward
1 - 87% - 60% - 5:51
2 - 13% - 40% - 0:52
PK Defense
1 - 51% - 60% - 3:25
2 - 49% - 40% - 3:18
PK3 Forward
1 - 0% - 60%
2 - 0% - 40%
PK3 Defense
1 - 0% - 60%
2 - 0% - 40%
44 Forward
1 - 88% - 60% - 4:57
2 - 12% - 40% - 0:40
44 Defense
1 - 55% - 60% - 3:07
2 - 45% - 40% - 2:30
Last Minute Offensive  - 0:00
Last Minute Defensive  - 0:00
Total
Forward - 65:00
Defense - 65:00

% Time on Ice - Phantoms

Lines # - Real PCT - Wanted PCT - Time Play
Normal Forward
1 - 23% - 35% - 10:50
2 - 39% - 30% - 18:16
3 - 14% - 22% - 6:48
4 - 24% - 13% - 11:26
Normal Defense
1 - 30% - 35% - 14:19
2 - 34% - 30% - 16:05
3 - 32% - 22% - 15:00
4 - 4% - 13% - 1:56
PP Forward
1 - 24% - 60% - 1:38
2 - 76% - 40% - 5:05
PP Defense
1 - 50% - 60% - 3:22
2 - 50% - 40% - 3:21
PK Forward
1 - 78% - 60% - 4:08
2 - 23% - 40% - 1:12
PK Defense
1 - 63% - 60% - 3:21
2 - 37% - 40% - 1:59
PK3 Forward
1 - 0% - 60%
2 - 0% - 40%
PK3 Defense
1 - 0% - 60%
2 - 0% - 40%
44 Forward
1 - 100% - 60% - 5:37
2 - 0% - 40% - 0:00
44 Defense
1 - 67% - 60% - 3:47
2 - 33% - 40% - 1:50
Last Minute Offensive  - 0:00
Last Minute Defensive  - 0:00
Total
Forward - 65:00
Defense - 65:00

Play by Play

1st period


0:01 of 1st period - Cedric Paquette wins face-off versus Ben Street in neutral zone.
0:33 of 1st period - Off-side.
0:34 of 1st period - Stu Bickel wins face-off versus Garret Ross in neutral zone.
2:29 of 1st period - Snap shot by Cedric Paquette.
2:29 of 1st period - Stopped by Marek Mazanec without a rebound.
2:30 of 1st period - Rob Flick wins face-off versus Stu Bickel in Phantoms zone.
2:36 of 1st period - Minor Penalty to Chris Neil for Tripping.
2:37 of 1st period - Cedric Paquette wins face-off versus Chris Langkow in Phantoms zone.
3:45 of 1st period - Greg Zanon is hit by Daniil Tarasov and loses puck.
4:36 of 1st period - Penalty to Chris Neil is over, Chris Neil is back on ice.
4:37 of 1st period - Slapshot by Brandon Davidson.
4:37 of 1st period - Deflect By Greg McKegg.
4:37 of 1st period - Shot Misses the Net.
4:37 of 1st period - Puck is out of play.
4:38 of 1st period - Greg McKegg wins face-off versus Bryan Lerg in Phantoms zone.
5:15 of 1st period - Chris Neil beats up Brady Austin.
5:15 of 1st period - Penalty to Chris Neil for Fighting.
5:15 of 1st period - Penalty to Brady Austin for Fighting.
5:15 of 1st period - Penalty to Chris Neil for instigated a fight.
5:15 of 1st period - Penalty to Chris Neil for instigated a fight.
5:16 of 1st period - Chris Langkow wins face-off versus Cedric Paquette in Phantoms zone.
5:21 of 1st period - Slapshot by Bryan Allen.
5:21 of 1st period - Stopped by Sam Brittain with a rebound.
5:27 of 1st period - Slapshot by Brian Strait.
5:27 of 1st period - Shot Blocked by Rasmus Rissanen.
6:01 of 1st period - Daniil Tarasov is hit by Bryan Allen and loses puck.
6:43 of 1st period - Wrist shot by Josh Jooris.
6:43 of 1st period - Stopped by Marek Mazanec with a rebound.
6:45 of 1st period - Wrist shot by Ben Chiarot.
6:45 of 1st period - Shot Blocked by Deryk Engelland.
7:09 of 1st period - Greg Zanon is hit by Garret Ross and loses puck.
7:15 of 1st period - Penalty to Chris Neil is over, Stu Bickel is send on ice.
9:11 of 1st period - Snap shot by Josh Jooris.
9:11 of 1st period - Shot Misses the Net.
9:23 of 1st period - Josh Jooris is hit by Greg Zanon and loses puck.
10:31 of 1st period - Snap shot by Ryan Malone.
10:31 of 1st period - Stopped by Marek Mazanec with a rebound.
10:48 of 1st period - Deryk Engelland beats up Rasmus Rissanen.
10:48 of 1st period - Penalty to Deryk Engelland for Fighting.
10:48 of 1st period - Penalty to Rasmus Rissanen for Fighting.
10:49 of 1st period - Ben Street wins face-off versus Joel Armia in neutral zone.
10:56 of 1st period - Slapshot by Brandon Davidson.
10:56 of 1st period - Shot Blocked by Martin Gernat.
10:58 of 1st period - Slapshot by Joel Armia.
10:58 of 1st period - Shot Blocked by Martin Gernat.
11:00 of 1st period - Wrist shot by Brandon Davidson.
11:00 of 1st period - Shot Blocked by Martin Gernat.
11:06 of 1st period - Wrist shot by Michael Schumacher.
11:06 of 1st period - Shot Misses the Net.
11:15 of 1st period - Icing by Ben Street.
11:16 of 1st period - Chris Langkow wins face-off versus Greg McKegg in Phantoms zone.
11:43 of 1st period - Snap shot by Ryan Malone.
11:43 of 1st period - Shot Blocked by Nathan Longpre.
11:45 of 1st period - Snap shot by Ryan Malone.
11:45 of 1st period - Shot Blocked by Steve MacIntyre.
11:47 of 1st period - Wrist shot by Cedric Paquette.
11:47 of 1st period - Shot Misses the Net.
11:49 of 1st period - Snap shot by Ryan Malone.
11:49 of 1st period - Shot Misses the Net.
11:51 of 1st period - Snap shot by Ryan Malone.
11:51 of 1st period - Stopped by Marek Mazanec with a rebound.
11:53 of 1st period - Slapshot by Joel Edmundson.
11:53 of 1st period - Deflect By Martin Gernat.
11:53 of 1st period - Stopped by Marek Mazanec without a rebound.
11:54 of 1st period - Cedric Paquette wins face-off versus Ben Street in Phantoms zone.
12:34 of 1st period - Slapshot by Brian Strait.
12:34 of 1st period - Shot Blocked by Josh Jooris.
13:36 of 1st period - Martin Gernat is hit by Daniil Tarasov and loses puck.
14:42 of 1st period - Snap shot by Colin Smith.
14:42 of 1st period - Stopped by Marek Mazanec with a rebound.
15:14 of 1st period - Josh Jooris is hit by Brian Strait and loses puck.
15:25 of 1st period - Byron Froese is hit by Josh Jooris and loses puck.
15:34 of 1st period - Greg Zanon is hit by Cedric Paquette and loses puck.
16:20 of 1st period - Snap shot by Deryk Engelland.
16:20 of 1st period - Stopped by Sam Brittain with a rebound.
16:38 of 1st period - Joel Armia is hit by Bryan Lerg and loses puck.
17:35 of 1st period - Jared Nightingale is hit by Ryan Malone and loses puck.
19:43 of 1st period - Slapshot by Brandon Davidson.
19:43 of 1st period - Shot Misses the Net.
19:45 of 1st period - Snap shot by Brandon Davidson.
19:45 of 1st period - Stopped by Marek Mazanec with a rebound.
19:47 of 1st period - Slapshot by Brandon Davidson.
19:47 of 1st period - Shot Misses the Net.
19:49 of 1st period - Slapshot by David Wohlberg.
19:49 of 1st period - Stopped by Marek Mazanec without a rebound.
19:50 of 1st period - Rob Flick wins face-off versus Stu Bickel in Phantoms zone.
Goals for this period are 0 for Moose vs 0 for Phantoms.
Shots for this period are 8 for Moose vs 2 for Phantoms.

2nd period


0:01 of 2nd period - Cedric Paquette wins face-off versus Ben Street in neutral zone.
0:15 of 2nd period - 10 Minutes Misconduct Penalty to Chris Neil is over.
0:58 of 2nd period - Greg Zanon is hit by Daniil Tarasov.
1:07 of 2nd period - Chris Neil is hit by Greg McKegg and loses puck.
1:20 of 2nd period - Slapshot by Chris Neil.
1:20 of 2nd period - Stopped by Sam Brittain with a rebound.
1:34 of 2nd period - Snap shot by Colin Smith.
1:34 of 2nd period - Stopped by Marek Mazanec with a rebound.
1:36 of 2nd period - Snap shot by Michael Schumacher.
1:36 of 2nd period - Stopped by Marek Mazanec with a rebound.
2:05 of 2nd period - Wrist shot by Joel Armia.
2:05 of 2nd period - Stopped by Marek Mazanec with a rebound.
2:31 of 2nd period - Slapshot by Bryan Lerg.
2:31 of 2nd period - Stopped by Sam Brittain with a rebound.
3:04 of 2nd period - Snap shot by Chris Neil.
3:04 of 2nd period - Stopped by Sam Brittain without a rebound.
3:05 of 2nd period - Greg McKegg wins face-off versus Nathan Longpre in Moose zone.
3:05 of 2nd period - Greg McKegg is hit by Steve MacIntyre.
3:19 of 2nd period - Minor Penalty to Chris Neil for Hooking.
3:20 of 2nd period - Chris Langkow wins face-off versus Ryan Malone in Phantoms zone.
3:35 of 2nd period - Wrist shot by Brandon Davidson.
3:35 of 2nd period - Stopped by Marek Mazanec without a rebound.
3:36 of 2nd period - Cedric Paquette wins face-off versus Chris Langkow in Phantoms zone.
4:14 of 2nd period - Deryk Engelland is hit by Garret Ross.
4:41 of 2nd period - Minor Penalty to Ryan Malone for Hooking.
4:42 of 2nd period - Tom Sestito wins face-off versus Cedric Paquette in Moose zone.
4:45 of 2nd period - Snap shot by Ben Street.
4:45 of 2nd period - Shot Misses the Net.
4:59 of 2nd period - Snap shot by Cedric Paquette.
4:59 of 2nd period - Goal by Cedric Paquette - Moose : 1 - Phantoms : 0.
5:00 of 2nd period - Cedric Paquette wins face-off versus Deryk Engelland in neutral zone.
5:19 of 2nd period - Penalty to Chris Neil is over, Chris Neil is back on ice.
5:38 of 2nd period - Off-side.
5:39 of 2nd period - Tom Sestito wins face-off versus Cedric Paquette in neutral zone.
6:04 of 2nd period - Snap shot by Bryan Lerg.
6:04 of 2nd period - Stopped by Sam Brittain with a rebound.
6:06 of 2nd period - Wrist shot by Stephen Johns.
6:06 of 2nd period - Shot Misses the Net.
6:08 of 2nd period - Backhand shot by Bryan Lerg.
6:08 of 2nd period - Shot Misses the Net.
6:10 of 2nd period - Slapshot by Stephen Johns.
6:10 of 2nd period - Stopped by Sam Brittain without a rebound.
6:11 of 2nd period - Colin Smith wins face-off versus Ben Street in Moose zone.
6:41 of 2nd period - Penalty to Ryan Malone is over, Ryan Malone is back on ice.
8:04 of 2nd period - Snap shot by Greg McKegg.
8:04 of 2nd period - Shot Misses the Net.
8:14 of 2nd period - Snap shot by Bryan Lerg.
8:14 of 2nd period - Shot Blocked by Garret Ross.
8:16 of 2nd period - Slapshot by Bryan Lerg.
8:16 of 2nd period - Stopped by Sam Brittain with a rebound.
10:09 of 2nd period - Wrist shot by Ben Street.
10:09 of 2nd period - Shot Misses the Net.
10:41 of 2nd period - Michael Schumacher is hit by Stephen Johns and loses puck.
10:50 of 2nd period - Slapshot by Jordon Southorn.
10:50 of 2nd period - Shot Misses the Net.
11:21 of 2nd period - Wrist shot by Bryan Lerg.
11:21 of 2nd period - Stopped by Sam Brittain without a rebound.
11:22 of 2nd period - Joel Armia wins face-off versus Stu Bickel in Moose zone.
11:29 of 2nd period - Slapshot by Brandon Davidson.
11:29 of 2nd period - Shot Blocked by Keegan Lowe.
11:31 of 2nd period - Wrist shot by Colin Smith.
11:31 of 2nd period - Shot Blocked by Chris Neil.
12:12 of 2nd period - Wrist shot by Ben Street.
12:12 of 2nd period - Shot Hit the Post.
12:30 of 2nd period - Joel Armia is hit by Brian Strait and loses puck.
12:59 of 2nd period - Steve MacIntyre is hit by Garret Ross and loses puck.
13:49 of 2nd period - David Wohlberg is hit by Martin Gernat and loses puck.
13:56 of 2nd period - Slapshot by Brian Strait.
13:56 of 2nd period - Shot Blocked by David Wohlberg.
13:58 of 2nd period - Slapshot by Chris Neil.
13:58 of 2nd period - Stopped by Sam Brittain with a rebound.
14:00 of 2nd period - Snap shot by Chris Langkow.
14:00 of 2nd period - Shot Blocked by Jordon Southorn.
14:33 of 2nd period - Off-side.
14:34 of 2nd period - Ben Street wins face-off versus Colin Smith in neutral zone.
14:51 of 2nd period - Michael Schumacher is hit by Ben Street and loses puck.
15:21 of 2nd period - Off-side.
15:22 of 2nd period - Nathan Longpre wins face-off versus Rob Flick in neutral zone.
15:27 of 2nd period - Slapshot by Nathan Longpre.
15:27 of 2nd period - Shot Misses the Net.
15:29 of 2nd period - Slapshot by Martin Gernat.
15:29 of 2nd period - Stopped by Sam Brittain with a rebound.
15:31 of 2nd period - Slapshot by Steve MacIntyre.
15:31 of 2nd period - Shot Misses the Net.
15:57 of 2nd period - Snap shot by Deryk Engelland.
15:57 of 2nd period - Stopped by Sam Brittain with a rebound.
16:26 of 2nd period - Chris Neil and Ryan Malone fight to a draw.
16:26 of 2nd period - Penalty to Chris Neil for Fighting.
16:26 of 2nd period - Penalty to Ryan Malone for Fighting.
16:27 of 2nd period - Greg McKegg wins face-off versus Chris Langkow in neutral zone.
16:46 of 2nd period - Slapshot by Brian Strait.
16:46 of 2nd period - Shot Blocked by Rasmus Rissanen.
16:58 of 2nd period - Brian Strait is hit by Joel Edmundson and loses puck.
17:07 of 2nd period - Slapshot by Bryan Allen.
17:07 of 2nd period - Shot Blocked by Joel Edmundson.
18:10 of 2nd period - Wrist shot by Ben Street.
18:10 of 2nd period - Shot Misses the Net.
18:12 of 2nd period - Wrist shot by Steve MacIntyre.
18:12 of 2nd period - Stopped by Sam Brittain without a rebound.
18:13 of 2nd period - Colin Smith wins face-off versus Nathan Longpre in Moose zone.
18:28 of 2nd period - Minor Penalty to Scott Mayfield for Hooking.
18:29 of 2nd period - Cedric Paquette wins face-off versus Tom Sestito in Moose zone.
18:36 of 2nd period - Wrist shot by Bryan Lerg.
18:36 of 2nd period - Shot Misses the Net.
18:38 of 2nd period - Snap shot by Deryk Engelland.
18:38 of 2nd period - Shot Misses the Net.
18:40 of 2nd period - Slapshot by Greg Zanon.
18:40 of 2nd period - Stopped by Sam Brittain without a rebound.
18:41 of 2nd period - Tom Sestito wins face-off versus Cedric Paquette in Moose zone.
19:31 of 2nd period - Slapshot by Bryan Allen.
19:31 of 2nd period - Deflect By Tom Sestito.
19:31 of 2nd period - Shot Misses the Net.
19:31 of 2nd period - Puck is out of play.
19:32 of 2nd period - Tom Sestito wins face-off versus Cedric Paquette in Moose zone.
19:45 of 2nd period - Slapshot by Brian Strait.
19:45 of 2nd period - Shot Blocked by Cedric Paquette.
19:47 of 2nd period - Backhand shot by Brian Strait.
19:47 of 2nd period - Deflect By Colin Smith.
19:47 of 2nd period - Stopped by Sam Brittain with a rebound.
19:49 of 2nd period - Wrist shot by Deryk Engelland.
19:49 of 2nd period - Stopped by Sam Brittain with a rebound.
19:51 of 2nd period - Snap shot by Deryk Engelland.
19:51 of 2nd period - Goal by Deryk Engelland - Moose : 1 - Phantoms : 1.
19:52 of 2nd period - Stu Bickel wins face-off versus Greg McKegg in neutral zone.
Goals for this period are 1 for Moose vs 1 for Phantoms.
Shots for this period are 5 for Moose vs 15 for Phantoms.

3rd period


0:01 of 3rd period - Ben Street wins face-off versus Cedric Paquette in neutral zone.
0:04 of 3rd period - Slapshot by Brian Strait.
0:04 of 3rd period - Deflect By Deryk Engelland.
0:04 of 3rd period - Stopped by Sam Brittain without a rebound.
0:05 of 3rd period - Ben Street wins face-off versus Cedric Paquette in Moose zone.
1:03 of 3rd period - Greg Zanon is hit by Garret Ross and loses puck.
1:24 of 3rd period - Slapshot by Garret Ross.
1:24 of 3rd period - Stopped by Marek Mazanec with a rebound.
1:30 of 3rd period - Wrist shot by Bryan Lerg.
1:30 of 3rd period - Stopped by Sam Brittain with a rebound.
1:40 of 3rd period - Greg Zanon is hit by Rasmus Rissanen and loses puck.
2:02 of 3rd period - Snap shot by Colin Smith.
2:02 of 3rd period - Stopped by Marek Mazanec with a rebound.
2:06 of 3rd period - Snap shot by Michael Schumacher.
2:06 of 3rd period - Stopped by Marek Mazanec without a rebound.
2:07 of 3rd period - Colin Smith wins face-off versus Nathan Longpre in Phantoms zone.
2:16 of 3rd period - Wrist shot by Joel Armia.
2:16 of 3rd period - Shot Misses the Net.
3:39 of 3rd period - Bryan Allen is hit by Garret Ross and loses puck.
3:47 of 3rd period - Chris Neil beats up Rasmus Rissanen.
3:47 of 3rd period - Penalty to Chris Neil for Fighting.
3:47 of 3rd period - Chris Neil is ejected from game.
3:47 of 3rd period - Penalty to Rasmus Rissanen for Fighting.
3:48 of 3rd period - Stu Bickel wins face-off versus Colin Smith in Phantoms zone.
4:21 of 3rd period - Snap shot by Joel Armia.
4:21 of 3rd period - Shot Blocked by Stephen Johns.
4:23 of 3rd period - Snap shot by Colin Smith.
4:23 of 3rd period - Stopped by Marek Mazanec with a rebound.
4:41 of 3rd period - Joel Edmundson is hit by Stu Bickel and loses puck.
4:48 of 3rd period - Bryan Lerg is hit by Joel Edmundson and loses puck.
5:31 of 3rd period - Slapshot by Ryan Malone.
5:31 of 3rd period - Shot Misses the Net.
5:43 of 3rd period - Slapshot by Ben Chiarot.
5:43 of 3rd period - Stopped by Marek Mazanec with a rebound.
6:24 of 3rd period - Snap shot by Nathan Longpre.
6:24 of 3rd period - Shot Misses the Net.
6:26 of 3rd period - Slapshot by Keegan Lowe.
6:26 of 3rd period - Shot Blocked by Jordon Southorn.
6:28 of 3rd period - Snap shot by Chris Langkow.
6:28 of 3rd period - Stopped by Sam Brittain with a rebound.
6:30 of 3rd period - Slapshot by Martin Gernat.
6:30 of 3rd period - Shot Blocked by Greg McKegg.
6:32 of 3rd period - Wrist shot by Steve MacIntyre.
6:32 of 3rd period - Stopped by Sam Brittain with a rebound.
6:34 of 3rd period - Slapshot by Keegan Lowe.
6:34 of 3rd period - Shot Blocked by Daniil Tarasov.
6:59 of 3rd period - Cedric Paquette is hit by Deryk Engelland and loses puck.
7:10 of 3rd period - Ben Street is hit by Cedric Paquette and loses puck.
7:51 of 3rd period - Slapshot by Cedric Paquette.
7:51 of 3rd period - Shot Blocked by Stephen Johns.
7:53 of 3rd period - Slapshot by Brady Austin.
7:53 of 3rd period - Deflect By Josh Jooris.
7:53 of 3rd period - Stopped by Marek Mazanec without a rebound.
7:54 of 3rd period - Cedric Paquette wins face-off versus Stu Bickel in Phantoms zone.
8:10 of 3rd period - Off-side.
8:11 of 3rd period - Colin Smith wins face-off versus Bryan Allen in neutral zone.
8:21 of 3rd period - Bryan Allen is hit by Colin Smith and loses puck.
10:18 of 3rd period - Garrett Wilson is hit by Josh Jooris and loses puck.
10:27 of 3rd period - Bryan Allen is hit by Cedric Paquette and loses puck.
12:29 of 3rd period - Brandon Davidson is hit by Garrett Wilson and loses puck.
13:00 of 3rd period - Snap shot by Brian Strait.
13:00 of 3rd period - Shot Blocked by Greg McKegg.
13:02 of 3rd period - Slapshot by Bryan Allen.
13:02 of 3rd period - Shot Misses the Net.
13:31 of 3rd period - Slapshot by Ryan Malone.
13:31 of 3rd period - Shot Blocked by Deryk Engelland.
13:33 of 3rd period - Slapshot by Josh Jooris.
13:33 of 3rd period - Shot Misses the Net.
13:49 of 3rd period - Martin Gernat is hit by Rob Flick.
13:52 of 3rd period - Off-side.
13:53 of 3rd period - Rob Flick wins face-off versus Stu Bickel in neutral zone.
14:43 of 3rd period - Slapshot by Martin Gernat.
14:43 of 3rd period - Shot Blocked by Scott Mayfield.
14:45 of 3rd period - Slapshot by Martin Gernat.
14:45 of 3rd period - Shot Blocked by Scott Mayfield.
14:57 of 3rd period - Minor Penalty to Scott Mayfield for Holding.
14:58 of 3rd period - Deryk Engelland wins face-off versus Cedric Paquette in Moose zone.
15:58 of 3rd period - Ben Street is hit by Michael Schumacher and loses puck.
16:18 of 3rd period - Colin Smith is hit by Stephen Johns and loses puck.
16:29 of 3rd period - Slapshot by Brandon Davidson.
16:29 of 3rd period - Deflect By Michael Schumacher.
16:29 of 3rd period - Stopped by Marek Mazanec with a rebound.
16:44 of 3rd period - Icing by Brian Strait.
16:45 of 3rd period - Cedric Paquette wins face-off versus Byron Froese in Phantoms zone.
16:57 of 3rd period - Penalty to Scott Mayfield is over, Scott Mayfield is back on ice.
17:03 of 3rd period - Slapshot by Brian Strait.
17:03 of 3rd period - Shot Blocked by Daniil Tarasov.
17:13 of 3rd period - Snap shot by Brian Strait.
17:13 of 3rd period - Shot Blocked by Rasmus Rissanen.
17:15 of 3rd period - Snap shot by Chris Langkow.
17:15 of 3rd period - Shot Blocked by Garret Ross.
17:17 of 3rd period - Slapshot by Brian Strait.
17:17 of 3rd period - Deflect By Greg McKegg.
17:17 of 3rd period - Stopped by Sam Brittain without a rebound.
17:18 of 3rd period - Chris Langkow wins face-off versus Colin Smith in Moose zone.
17:28 of 3rd period - Minor Penalty to Scott Mayfield for Hooking.
17:29 of 3rd period - Ben Street wins face-off versus Cedric Paquette in Moose zone.
17:35 of 3rd period - Snap shot by Garrett Wilson.
17:35 of 3rd period - Stopped by Sam Brittain with a rebound.
17:37 of 3rd period - Snap shot by Deryk Engelland.
17:37 of 3rd period - Shot Misses the Net.
17:39 of 3rd period - Slapshot by Brian Strait.
17:39 of 3rd period - Shot Blocked by Josh Jooris.
17:41 of 3rd period - Slapshot by Brian Strait.
17:41 of 3rd period - Deflect By Brandon Davidson.
17:41 of 3rd period - Stopped by Sam Brittain with a rebound.
19:06 of 3rd period - Ryan Malone is hit by Brian Strait and loses puck.
19:28 of 3rd period - Penalty to Scott Mayfield is over, Scott Mayfield is back on ice.
19:35 of 3rd period - Stephen Johns is hit by Michael Schumacher and loses puck.
19:50 of 3rd period - Stu Bickel is hit by Scott Mayfield and loses puck.
Goals for this period are 0 for Moose vs 0 for Phantoms.
Shots for this period are 7 for Moose vs 7 for Phantoms.

Overtime #1


0:01 of 1st overtime period - Deryk Engelland wins face-off versus Cedric Paquette in neutral zone.
0:14 of 1st overtime period - Cedric Paquette is hit by Brian Strait and loses puck.
0:28 of 1st overtime period - Off-side.
0:29 of 1st overtime period - Cedric Paquette wins face-off versus Deryk Engelland in neutral zone.
0:32 of 1st overtime period - Bryan Allen is hit by Cedric Paquette and loses puck.
0:42 of 1st overtime period - Backhand shot by Josh Jooris.
0:42 of 1st overtime period - Stopped by Marek Mazanec with a rebound.
0:44 of 1st overtime period - Wrist shot by Cedric Paquette.
0:44 of 1st overtime period - Deflect By Josh Jooris.
0:44 of 1st overtime period - Stopped by Marek Mazanec with a rebound.
0:46 of 1st overtime period - Wrist shot by Josh Jooris.
0:46 of 1st overtime period - Stopped by Marek Mazanec with a rebound.
1:06 of 1st overtime period - Wrist shot by Josh Jooris.
1:06 of 1st overtime period - Shot Blocked by Tom Sestito.
1:08 of 1st overtime period - Snap shot by Joel Edmundson.
1:08 of 1st overtime period - Stopped by Marek Mazanec without a rebound.
1:09 of 1st overtime period - Tom Sestito wins face-off versus Cedric Paquette in Phantoms zone.
1:20 of 1st overtime period - Off-side.
1:21 of 1st overtime period - Cedric Paquette wins face-off versus Tom Sestito in neutral zone.
1:30 of 1st overtime period - Slapshot by Deryk Engelland.
1:30 of 1st overtime period - Shot Blocked by Josh Jooris.
1:56 of 1st overtime period - Slapshot by Cedric Paquette.
1:56 of 1st overtime period - Stopped by Marek Mazanec with a rebound.
2:06 of 1st overtime period - Slapshot by Bryan Allen.
2:06 of 1st overtime period - Deflect By Chris Langkow.
2:06 of 1st overtime period - Shot Blocked by Ben Chiarot.
2:06 of 1st overtime period - Puck is out of play.
2:07 of 1st overtime period - Chris Langkow wins face-off versus Joel Armia in Moose zone.
2:22 of 1st overtime period - Slapshot by Brian Strait.
2:22 of 1st overtime period - Shot Misses the Net.
3:13 of 1st overtime period - Bryan Allen is hit by Michael Schumacher.
4:07 of 1st overtime period - Snap shot by Garrett Wilson.
4:07 of 1st overtime period - Shot Misses the Net.
Goals for this period are 0 for Moose vs 0 for Phantoms.
Shots for this period are 5 for Moose vs 0 for Phantoms.

ShootOut


5:00 of 1st overtime period - Penalty Shot by Cedric Paquette for Moose.
5:00 of 1st overtime period - Deke by Cedric Paquette.
5:00 of 1st overtime period - Shot Misses the Net.
5:00 of 1st overtime period - Penalty Shot by Deryk Engelland for Phantoms.
5:00 of 1st overtime period - Wrist shot by Deryk Engelland.
5:00 of 1st overtime period - Shot Misses the Net.
5:00 of 1st overtime period - Penalty Shot by Josh Jooris for Moose.
5:00 of 1st overtime period - Wrist shot by Josh Jooris.
5:00 of 1st overtime period - Goal by Josh Jooris.
5:00 of 1st overtime period - Penalty Shot by Garrett Wilson for Phantoms.
5:00 of 1st overtime period - Wrist shot by Garrett Wilson.
5:00 of 1st overtime period - Shot Misses the Net.
5:00 of 1st overtime period - Penalty Shot by Ryan Malone for Moose.
5:00 of 1st overtime period - Backhand shot by Ryan Malone.
5:00 of 1st overtime period - Goal by Ryan Malone.